 Dungeon Crawl Stone Soup version 0.22-a0-877-g5c4e1af (webtiles) character file.

112 prawnwizard the Ducker (level 4, 0/35 HPs)
             Began as a Demonspawn Gladiator on July 29, 2018.
             Slain by an orc wizard
             ... wielding a +0 dagger
              (2 damage)
             ... on level 3 of the Dungeon.
             The game lasted 00:03:09 (1740 turns).

prawnwizard the Ducker (Demonspawn Gladiator)       Turns: 1740, Time: 00:03:09

Health: 0/35       AC:  4    Str: 15    XL:     4   Next: 63%
Magic:  4/4        EV: 13    Int: 10    God:
Gold:   137        SH:  0    Dex: 14    Spells: 3/3 levels left

rFire    . . .     SeeInvis .     - Unarmed
rCold    . . .     Gourm    .   (no shield)
rNeg     . . .     Faith    .   b - +0 leather armour
rPois    .         Spirit   .   c - +0 helmet
rElec    .         Reflect  .   (no cloak)
rCorr    .         Harm     .   (no gloves)
MR       .....                  (no boots)
Stlth    +.........             (no amulet)
HPRegen  0.11/turn              (no ring)
MPRegen  0.09/turn              (no ring)

@: no status effects
A: claws 2
a: no special abilities


You were on level 3 of the Dungeon.
You were not hungry.

You visited 1 branch of the dungeon, and saw 3 of its levels.

You collected 137 gold pieces.

Inventory:

Hand Weapons
 a - a +0 long sword
Missiles
 d - 3 throwing nets (quivered)
Armour
 b - a +0 leather armour (worn)
 c - a +0 helmet (worn)
Jewellery
 j - an uncursed ring of flight {unknown}
Scrolls
 e - 4 scrolls of fog {unknown}
 h - 3 scrolls of teleportation {unknown}
 i - 7 scrolls of identify {unknown}
 m - 4 scrolls of remove curse {unknown}
 n - a scroll of magic mapping {unknown}
 o - a scroll of enchant weapon {unknown}
 p - a scroll of random uselessness {unknown}
Potions
 k - a potion of might {unknown}
 l - a potion of curing {unknown}
Comestibles
 f - 5 rations
 g - a chunk of flesh


   Skills:
 + Level 3.0 Fighting
 - Level 3.1 Long Blades
 - Level 1.7 Throwing
 + Level 3.3 Dodging
 * Level 2.1 Unarmed Combat


You had 3 spell levels left.
You didn't know any spells.
Your spell library was empty.

Dungeon Overview and Level Annotations

Branches:
Dungeon (3/15)

Altars:
Makhleb
Zin


Innate Abilities, Weirdness & Mutations

You have very sharp fingernails.


Message History

The puff of flame hits you!
* * * LOW HITPOINT WARNING * * *
You barely miss something. You closely miss the orc.
The orc wizard casts a spell.
The orc wizard seems to speed up.
The orc wizard casts a spell.
The orc wizard flickers and vanishes!
There is an open door here.
You hear some strange, mumbled words.
You are confused.
You hear some strange, mumbled words.
A puff of frost appears from out of thin air!
The puff of frost hits you!
* * * LOW HITPOINT WARNING * * *
The orc hits you but does no damage.
A quokka comes into view.
You feel less confused. Something hits you.
You die...

r..# ###(.#
#....#
#....# #
#.<..#
#.#.#).#
#.#....#####
#..........#
#.....o@...+
##.........#
#.........#
#....o....#
#....o....#
#.........#
#..(......#
#.........#
#..[....>.#


You could see 3 orcs.

Vanquished Creatures
  4 adders (D:2)
  3 worms
  2 dart slugs
  3 leopard geckos
  3 giant cockroaches
  7 goblins
  8 hobgoblins
  2 jackals (D:1)
  6 kobolds
  2 quokkas (D:2)
  7 bats
  6 frilled lizards
  A leopard gecko zombie (D:1)
  A quokka zombie (D:1)
  7 rats
62 creatures vanquished.

Notes
Turn   | Place    | Note
-------+----------+-------------------------------------------
     0 | D:1      | prawnwizard the Demonspawn Gladiator began the quest for the Orb.
     0 | D:1      | Reached XP level 1. HP: 16/16 MP: 1/1
   177 | D:1      | Gained mutation: You have sharp fingernails. [demonic ancestry]
   177 | D:1      | Reached XP level 2. HP: 20/22 MP: 2/2
   382 | D:1      | Reached XP level 3. HP: 17/28 MP: 3/3
   769 | D:2      | Reached skill level 1 in Unarmed Combat
  1272 | D:2      | Gained mutation: You have very sharp fingernails. [demonic ancestry]
  1272 | D:2      | Reached XP level 4. HP: 33/34 MP: 4/4
  1293 | D:2      | Found a burning altar of Makhleb.
  1512 | D:2      | Found a glowing silver altar of Zin.
  1738 | D:3      | HP: 1/35 [something/puff of frost (7)]
  1740 | D:3      | Slain by an orc wizard

Vault maps used:
D:1:      saegor_arrival_fortress, minmay_tetromino_l4
D:2:      lemuel_doored_altar, bloody_makhleb
D:3:      grunt_gozag_statues, marbit_many_paths

Skill      XL: |  1  2  3  4 |
---------------+-------------+-----
Long Blades    | 3 |  3.1
Dodging        | 3 |  3.3
Unarmed Combat | 1 2 |  2.1
Fighting       | 3 |  3.0
Throwing       | |  1.7

Action                   |  1- 3 |  4- 6 || total
-------------------------+-------+-------++-------
Melee: Long sword        |    46 |       ||    46
       Unarmed           |   141 |    88 ||   229
       Punch             |       |     1 ||     1
 Stab: Sleeping          |       |     1 ||     1
  Eat: Chunk             |     2 |     1 ||     3
Armor: Leather armour    |    79 |    19 ||    98
Dodge: Dodged            |   200 |    46 ||   246
       Rpst.: Long sword |    11 |       ||    11

Table legend:
 A = Spawn XP
 B = Non-spawn XP
 C = Spawn XP percentage of total XP
 D = Spawn monster count
 E = Non-spawn monster count
 F = Spawn count percentage of total count
 G = Total turns spent on level
                    A         B        C        D         E        F      G
               +---------+---------+-------+---------+---------+-------+---------
         Total |       0 |     160 |   0.0 |       0 |      62 |   0.0 |  1740
               +---------+---------+-------+---------+---------+-------+---------
           D:1 |       0 |      43 |   0.0 |       0 |      27 |   0.0 |   516
           D:2 |       0 |     102 |   0.0 |       0 |      31 |   0.0 |  1143
           D:3 |       0 |      15 |   0.0 |       0 |       4 |   0.0 |    81
               +---------+---------+-------+---------+---------+-------+---------
